Map: Pillars of Gold LE

Players

Moja

  • Race: Terran Terran
  • Spawn Location: 1:00

Ziggy - Winner!

  • Race: Terran Terran
  • League: Grandmaster
  • Spawn Location: 7:00

Event: DreamHack SC2 Masters 2020 Winter

VOD

Have the link to the VOD?

Description

Time

  • Played on: Oct. 16, 2020, 2:17 p.m.
  • Length: 4:40

All games in this series

Show
View Real Time Build Order
Export as new Build Order

Moja Terran 

Build Orders: 1/1/1, Liberator Opening 

Get SALT Encoding   

  12  0:00  SCV  
  13  0:12  SCV  
  14  0:18  Supply Depot  
  14  0:24  SCV  
  15  0:29  Refinery  
  15  0:39  SCV  
  16  0:46  Barracks  
  16  0:51  SCV  
  17  0:57  Refinery  
  17  1:04  SCV  
  18  1:16  SCV  
  19  1:33  Orbital Command  
  19  1:35  Factory  
  19  1:39  Reaper  
  20  1:48  Supply Depot  
  20  1:58  SCV  
  21  2:10  SCV  
  21  2:11  Reaper  
  23  2:19  Hellion  
  23  2:21  Starport  
  25  2:23  SCV  
  25  2:27  Supply Depot  
  26  2:35  SCV  
  27  2:40  Hellion  
  27  2:43  Reaper  
  30  2:58  Liberator  
  30  3:00  Supply Depot  
  30  3:03  Hellion  
  35  3:15  Reaper  
  36  3:24  Hellion  
  38  3:31  Command Center  
  38  3:41  SCV  
  38  3:43  Starport Tech Lab  
  38  3:45  Factory Tech Lab  
  38  3:48  Barracks Reactor  
  39  3:52  Supply Depot  
  39  3:53  SCV  
  32  4:13  Hellion  
  32  4:20  SCV  
Show
View Real Time Build Order
Export as new Build Order

Ziggy Terran - Winner!

Build Orders: 1/1/1 

Get SALT Encoding   

  12  0:00  SCV  
  13  0:12  SCV  
  14  0:17  Supply Depot  
  14  0:24  SCV  
  15  0:29  Refinery  
  15  0:39  SCV  
  16  0:45  Barracks  
  16  0:51  SCV  
  16  0:56  Refinery  
  17  1:03  SCV  
  18  1:15  SCV  
  19  1:32  Reaper, Orbital Command  
  20  1:37  Factory  
  20  1:45  Supply Depot  
  20  1:57  SCV  
  21  2:04  Barracks Reactor  
  21  2:10  SCV  
  22  2:20  Hellion  
  22  2:22  SCV, Starport  
  25  2:28  Supply Depot  
  25  2:34  SCV  
  26  2:41  Hellion, Reaper  
  26  2:42  Reaper  
  30  2:47  SCV  
  31  2:52  Supply Depot  
  31  3:02  Medivac  
  31  3:03  Hellion  
  35  3:13  Reaper  
  35  3:14  SCV, Reaper  
  38  3:24  Hellion  
  40  3:34  Starport Tech Lab  
  40  3:41  Command Center  
  40  3:45  Marine  
  40  3:46  Marine  
  40  3:48  Factory Tech Lab  
  42  3:53  Raven  
  44  3:59  SCV  
  45  4:08  Marine  
  41  4:14  Marine  
  43  4:25  SCV  
Tags
 
Add a new tag
Caveats
  • Supply blocks, unpowered buildings, or Contaminate may cause inaccurate times.
  • Supply counts are checked every 10 seconds.